AoeStats
← WackieChan_

African Clearing

505321351Analyzed
4v4 RM · 25d ago on Sep 8, 2026· 32m 0s· 8 players
Game mode
Random Map
Map size
Large (8 player)
Population
200
Speed
Normal
Resources
Standard
Victory
Conquest
Starting age
Dark Age
Ending age
Imperial Age
RankedLock teamsTeams togetherTeam positionsShared explorationLock speedFull tech treeHidden civsTurbo modeCheats
Victory
Defeat
🇺🇸 Tupi · United States
1696
+8
🇨🇦 Mapuche · Canada
1695
+8
🇧🇩 Georgians · Bangladesh
1668
+9
🇧🇩 Vietnamese · Bangladesh
1225
+25
🇺🇸 Jurchens · United States
1603
-17
1489
-12
🇧🇪 Lithuanians · Belgium
1458
-11
🇧🇷 Wu · Brazil
1414
-10
krsna
9:54 Loom
11:40 Feudal Age
12:23 Man-at-Arms
16:43 Wheelbarrow
22:59 Double-Bit Axe
26:21 Castle Age
31:16 Horse Collar
ashleylynn
11:33 Loom
13:19 Feudal Age
14:34 Double-Bit Axe
14:58 Town Watch
16:22 Horse Collar
19:18 Forging
20:40 Scale Barding Armor
20:58 Bloodlines
24:29 Castle Age
25:49 Fletching
26:34 Heavy Plow
28:02 Wheelbarrow
31:13 Chain Barding Armor
Mionel Lessi
3:20 Loom
14:51 Feudal Age
19:21 Castle Age
17:45 Stone Mining
18:57 Double-Bit Axe
19:07 Gold Mining
22:40 Gold Shaft Mining
25:45 Fletching
31:51 Bodkin Arrow
GdR_Johnny Vacanzieri
8:58 Loom
11:45 Feudal Age
14:04 Double-Bit Axe
20:45 Scale Barding Armor
21:57 Forging
21:58 Bloodlines
21:41 Horse Collar
27:29 Stone Mining
TanvirXen
7:47 Loom
13:48 Feudal Age
25:22 Castle Age
23:41 Double-Bit Axe
27:17 Horse Collar
31:53 Wheelbarrow
BeardyMan37
9:44 Loom
12:56 Feudal Age
16:56 Castle Age
15:41 Fletching
21:38 Bodkin Arrow
23:28 Ballistics
26:17 Padded Archer Armor
31:45 Leather Archer Armor
32:15 Wheelbarrow
31:32 Double-Bit Axe
WackieChan_
8:16 Loom
12:59 Feudal Age
16:45 Castle Age
16:04 Double-Bit Axe
16:02 Fishing Lines
23:07 Town Watch
25:03 Forging
27:03 Gillnets
27:27 Bow Saw
30:57 Wheelbarrow
30:41 Scale Barding Armor
30:30 Horse Collar
TomRiddle
11:00 Loom
13:31 Feudal Age
14:44 Double-Bit Axe
17:30 Castle Age
16:11 Fletching
18:13 Bodkin Arrow
20:38 Ballistics
26:50 Padded Archer Armor
28:38 Wheelbarrow
30:52 Hand Cart
30:52 Town Watch
Connection lost

Rejoining the realm…

Still unreachable

The connection could not be restored.

Session expired

The server has moved on; the page needs a fresh start.